 Dungeon Crawl Stone Soup version 0.27-a0-1177-g245c70e1c0 (webtiles) character file.

Game seed: 13606846705253756097

150 Glokmah the Magician (level 5, -6/37 HPs)
             Began as a Demonspawn Hedge Wizard on May 16, 2021.
             Was a Follower of Yredelemnul.
             Killed from afar by Sigmund (9 damage)
             ... with a magic dart
             ... on level 3 of the Dungeon.
             The game lasted 00:10:06 (5702 turns).

Glokmah the Magician (Demonspawn Hedge Wizard)      Turns: 5702, Time: 00:10:07

Health: -6/37      AC:  6    Str: 11    XL:     5   Next: 10%
Magic:  0/10       EV: 12    Int: 16    God:    Yredelemnul [*.....]
Gold:   97         SH:  0    Dex: 12    Spells: 5/10 levels left

rFire    . . .     SeeInvis .   a - +1 dagger (flame)
rCold    . . .     Faith    .   (no shield)
rNeg     . . .     Spirit   +   i - +0 robe
rPois    .         Reflect  .   h - +2 hat
rElec    .         Harm     .   (no cloak)
rCorr    .         Rampage  .   (no gloves)
Will     .....                  (no boots)
Stlth    +.........             l - amulet of guardian spirit
HPRegen  0.12/turn              (no ring)
MPRegen  0.12/turn              (no ring)

@: lit by a corona, glowing
A: antennae 1, icy blue scales 1
a: Renounce Religion, Animate Remains


You were on level 3 of the Dungeon.
You worshipped Yredelemnul.
Yredelemnul was aware of your devotion.
You visited 1 branch of the dungeon, and saw 3 of its levels.

You collected 97 gold pieces.

Inventory:

Hand Weapons
 a - a +1 dagger of flaming (weapon)
 b - a +0 trident
Missiles
 e - 61 stones (quivered)
 g - 5 boomerangs
 n - a throwing net
Armour
 d - a +0 ring mail
 h - a +2 hat (worn)
 i - a +0 robe (worn)
Jewellery
 l - an amulet of guardian spirit (around neck)
Scrolls
 f - a scroll of magic mapping
Potions
 c - 2 potions of berserk rage
 k - 2 potions of attraction {unknown}
 m - a potion of curing {unknown}


   Skills:
 + Level 1.4 Fighting
 + Level 2.3 Dodging
 - Level 1.7 Stealth
 + Level 3.4 Spellcasting
 * Level 2.8 Conjurations
 + Level 1.9 Summonings
 + Level 1.7 Translocations


You had 5 spell levels left.
You knew the following spells:

 Your Spells              Type           Power      Damage    Failure   Level
a - Magic Dart            Conj           44%        1d5       5%          1
b - Call Imp              Summ           8%         N/A       12%         2
c - Blink                 Tloc           N/A        N/A       13%         2

Your spell library contained the following spells:

 Spells                   Type           Power      Damage    Failure   Level
 Slow                     Hex            2%         N/A       26%         2
 Conjure Flame            Conj/Fire      7%         6-21      30%         3
 Mephitic Cloud           Conj/Pois/Air  5%         N/A       36%         3


Dungeon Overview and Level Annotations

Branches:
Dungeon (3/15)

Altars:
Yredelemnul

Shops:
D:3 *

Annotations:
D:3 Sigmund


Innate Abilities, Weirdness & Mutations

You have a pair of small antennae on your head.
You are partially covered in icy blue scales. (AC +2)


Message History

The gnoll shaman mumbles some strange prayers to its god against you.
You are outlined in light.
You hit the gnoll shaman but do no damage.
The gnoll shaman is moderately wounded.
The gnoll shaman hits you with a +0 club.
* * * LOW HITPOINT WARNING * * *
Casting: Magic Dart (safe; 5% risk of failure)
Confirm with . or Enter, or press ? or * to list all spells.
You miscast Blink.
You are very lightly contaminated with residual magic.
Nothing appears to happen.
The gnoll shaman barely misses you.
Sigmund shouts!
Sigmund casts a spell at you. The puff of flame hits you!
* * * LOW HITPOINT WARNING * * *
The quokka barely misses you.
Unknown command.
The gnoll shaman hits you with a +0 club.
The quokka barely misses you. Sigmund hits you but does no damage.
The quokka bites you but does no damage.
Sigmund closely misses you. The quokka barely misses you.
Your magical contamination has completely faded away.
The quokka barely misses you. The gnoll shaman closely misses you.
As you read the scroll labelled WETESIKLIM, it crumbles to dust.
You assume a fearsome visage.
Sigmund looks frightened!
The gnoll shaman looks frightened!
The quokka looks frightened!
It was a scroll of fear.
Sigmund casts a spell at himself.
Sigmund flickers and vanishes!
Deactivating autopickup; reactivate with Ctrl-A.
Something hits you but does no damage.
There is an open door here.
As you read the scroll labelled ZOGYCHU CAIGG, it crumbles to dust.
It is a scroll of enchant armour.
Your +1 hat glows green for a moment.
A magic dart appears from out of thin air!
The magic dart hits you!
You die...
Your body rises from the dead as a mindless zombie.

#### ...# ##.### ***********
.....#*#########* *,,,,,,,,,*
##.#.#..........* *.......,,*
##..............#### *.......,,*
................@..# *.......,,*
..##.#..........##{# *.......,,*
..##.#,.........*#.# #.........##
.....#..........##.###.........##
.................#.............*#
..##.###.#######.#............,*#
..#*.###,**** #.....g.......,,*#
..#*,#...,,,* ##...........#####
..#*,*,#.########.r.........##...


There were no monsters in sight!

Vanquished Creatures
  3 adders
  A gnoll (D:3)
  A dart slug (D:2)
  An orc (D:3)
  5 ball pythons
  6 endoplasms
  7 giant cockroaches
  5 goblins
  6 hobgoblins
  5 quokkas
  4 bats
  4 frilled lizards (D:1)
  4 kobolds
  4 rats
56 creatures vanquished.

Vanquished Creatures (collateral kills)
  A jelly (D:3)
  An adder (D:2)
  3 gnolls
  2 endoplasms (D:2)
  4 jackals (D:2)
  4 kobolds
15 creatures vanquished.

Vanquished Creatures (others)
  An adder zombie (D:3)
  A gnoll zombie (D:3)
  A goblin zombie (D:3)
3 creatures vanquished.

Grand Total: 74 creatures vanquished

Notes
Turn   | Place    | Note
-------+----------+-------------------------------------------
     0 | D:1      | Glokmah the Demonspawn Hedge Wizard began the quest for the
                  | Orb.
     0 | D:1      | Reached XP level 1. HP: 13/13 MP: 4/4
   432 | D:1      | Reached skill level 1 in Translocations
   554 | D:1      | Gained mutation: You have a pair of small antennae on your
                  | head. [demonic ancestry]
   554 | D:1      | Reached XP level 2. HP: 20/20 MP: 3/6
  1621 | D:1      | Learned a level 2 spell: Call Imp
  1624 | D:1      | Learned a level 2 spell: Blink
  1635 | D:1      | Gained mutation: You are partially covered in icy blue
                  | scales. (AC +2) [demonic ancestry]
  1635 | D:1      | Reached XP level 3. HP: 25/25 MP: 5/7
  2722 | D:2      | Reached skill level 1 in Fighting
  3595 | D:2      | Reached XP level 4. HP: 32/32 MP: 3/8
  4241 | D:3      | Noticed Sigmund
  4321 | D:3      | Found Vocuos's General Store.
  5039 | D:3      | Found a faded altar of an unknown god.
  5119 | D:3      | Became a worshipper of Yredelemnul the Dark
  5119 | D:3      | Reached * piety under Yredelemnul
  5461 | D:3      | Reached XP level 5. HP: 8/37 MP: 0/10
  5687 | D:3      | HP: 1/37 [Sigmund/puff of flame (9)]
  5702 | D:3      | Killed from afar by Sigmund

Illustrated notes

Levels and vault maps discovered:
D:1:      zaba_arrival_water, layout_basic, serial_bayou_pond_b,
          chequers_serial_rivers_large_b
D:2:      layout_loops_ring, minmay_crystal_water
D:3:      layout_basic, serial_shops, shop,
          ebering_ecumenical_altar_sacrificial, uniq_sigmund

Skill      XL: |  1  2  3 |
---------------+----------+-----
Translocations | 1 |  1.7
Dodging        | 2 |  2.3
Conjurations   | 2 |  2.8
Fighting       | 1 |  1.4
Stealth        | |  1.7
Spellcasting   | |  3.4
Summonings     | |  1.9

Action                   |  1- 3 |  4- 6 || total
-------------------------+-------+-------++-------
Melee: Dagger            |   114 |    48 ||   162
Throw: Stone             |     4 |     1 ||     5
 Cast: Magic Dart        |    73 |    36 ||   109
       Call Imp          |     5 |    12 ||    17
       Blink             |     1 |     4 ||     5
Invok: Animate Remains   |       |     3 ||     3
  Use: Scroll            |       |     6 ||     6
 Stab: Sleeping          |     1 |       ||     1
Armor: Robe              |    40 |    25 ||    65
Dodge: Dodged            |    89 |    47 ||   136

Table legend: (Time is in decaauts)
 A = Elapsed time spent in this place.
 B = Non-inter-level travel time spent in this place.
 C = Inter-level travel time spent in this place.
 D = Time resting spent in this place.
 E = Time spent auto-exploring this place.
 F = Levels seen in this place.
 G = Mean time per level.
                   A        B        C        D        E       F      G
               +--------+--------+--------+--------+--------+-----+--------+
         Total |   5772 |   5418 |    354 |   1290 |   2923 |   3 | 1924.0 |
       Dungeon |   5772 |   5418 |    354 |   1290 |   2923 |   3 | 1924.0 |
               +--------+--------+--------+--------+--------+-----+--------+

Top non-repeatable levels by time:
     D:1: 2727 daAuts
     D:2: 1955 daAuts
     D:3: 1089 daAuts
